 Dungeon Crawl Stone Soup version 0.21-a0-401-g0b6bec4 (webtiles) character file.

249013 tilp the Slayer (level 18, 0/187 HPs)
             Began as a Centaur Fighter on Oct 20, 2017.
             Was a High Priest of Ru.
             Killed from afar by an ogre mage (13 damage)
             ... with a bolt of lightning
             ... while paralysed by an ogre mage
             ... on level 2 of the Vaults on Oct 22, 2017.
             The game lasted 02:56:20 (61246 turns).

tilp the Slayer (Centaur Fighter)                  Turns: 61246, Time: 02:56:21

Health: 0/187      AC: 21    Str: 34    XL:     18   Next: 86%
Magic:  26/28      EV:  1    Int:  7    God:    Ru [*****.]
Gold:   3603       SH:  0    Dex: 13    Spells: 17/17 levels left

rFire    + + .     SeeInvis +   h - +1 morningstar
rCold    + + +     Gourm    .   q - +0 shield
rNeg     + . .     Faith    +   J - +4 chain mail of Juzoce {-Cast rC+ rN+ MP+9}
rPois    +         Spirit   .   T - +2 hat
rElec    .         Reflect  .   D - scarf {rC+ rF+}
rCorr    .         Harm     .   c - +2 pair of gloves
MR       +....     NoCast   +   (no barding)
Stlth    ..........             w - amulet of faith
HPRegen  0.41/turn              Y - ring of see invisible
MPRegen  0.21/turn              s - +5 ring of strength

@: paralysed, exhausted, very quick
A: hooves 3, horns 1, repulsion field 1, iridescent scales 1, thin skeletal
structure 1, cold resistance 1, deformed body, fire resistance 1, speed 2, high
mp 1, poison resistance, strong 2, tough skin 3, wild magic 1, no potion heal 1,
no stealth, inability to use devices, hated by all, no earth magic, no hexes
magic, no translocations magic
}: 2/15 runes: barnacled, gossamer
a: Draw Out Power, Power Leap, Apocalypse, Renounce Religion


You were on level 2 of the Vaults.
You worshipped Ru.
Ru was extremely pleased with you.
You were not hungry.

You visited 7 branches of the dungeon, and saw 34 of its levels.
You also visited: Bailey and Ice Cave.

You collected 4446 gold pieces.
You spent 843 gold pieces at shops.

Inventory:

Hand Weapons
 h - a +1 morningstar (weapon)
 t - a +2 great mace of freezing
Missiles
 g - 44 tomahawks of returning
 z - 34 javelins (quivered)
Armour
 c - a +2 pair of gloves (worn)
 q - a +0 shield (worn)
 x - +2 ice dragon scales
 D - a scarf of resistance (worn)
 F - the +0 leather armour "Ruhapuqu" {rElec Str+4 Stlth-}
   (You found it on level 4 of the Dungeon)

   It affects your strength (+4).
   It insulates you from electricity.
   It makes you less stealthy.
 J - the +4 chain mail of Juzoce (worn) {-Cast rC+ rN+ MP+9}
   (You found it on level 1 of the Spider Nest)

   It protects you from cold.
   It protects you from negative energy.
   It affects your magic capacity (+9).
   It prevents spellcasting.
 T - a +2 hat (worn)
Jewellery
 n - the amulet "Cyokheid" {Gourm Int+7 Dex-5 SInv Stlth+}
   (You found it on level 6 of the Lair of Beasts)

   [amulet of the gourmand]

   It allows you to eat raw meat even when not hungry.
   It affects your intelligence (+7).
   It affects your dexterity (-5).
   It lets you see invisible.
   It makes you more stealthy.
 s - a +5 ring of strength (right hand)
 w - an amulet of faith (around neck)
 y - an uncursed ring of protection from magic {unknown}
 B - a +5 amulet of reflection
 E - an uncursed amulet of guardian spirit
 M - an uncursed ring of resist corrosion
 S - an uncursed ring of positive energy
 V - an uncursed amulet of the gourmand
 Y - a ring of see invisible (left hand)
Scrolls
 b - 4 scrolls of fog
 d - 6 scrolls of magic mapping
 i - 2 scrolls of blinking
 o - 9 scrolls of remove curse
 p - 13 scrolls of teleportation
 r - a scroll of holy word
 v - a scroll of enchant armour
 A - 5 scrolls of fear
 C - 6 scrolls of identify
 G - a scroll of torment {unknown}
 O - 2 scrolls of silence
Potions
 a - 4 potions of cancellation
 e - 3 potions of ambrosia
 k - 5 potions of haste
 l - 3 potions of invisibility
 m - 7 potions of curing
 u - a potion of resistance
 K - 4 potions of berserk rage
 N - 4 potions of might
 Q - 2 potions of heal wounds
 R - 6 potions of flight
 Z - 3 potions of agility
Comestibles
 f - 19 bread rations


   Skills:
 + Level 22.7 Fighting
 + Level 16.4 Maces & Flails
 - Level 6.0 Throwing
 - Level 8.0 Armour
 - Level 8.0 Dodging
 - Level 6.0 Shields


You had 17 spell levels left.
You didn't know any spells.

Dungeon Overview and Level Annotations

Branches:
Dungeon (15/15)            Temple (1/1) D:4            Lair (6/6) D:9
 Shoals (4/4) Lair:4       Spider (4/4) Lair:2        Slime (0/5) Lair:5
    Orc (2/2) D:9             Elf (0/3) Orc:2        Vaults (2/5) D:13
 Depths (0/5) D:15
  Crypt: Vaults:2-3

Altars:
Ashenzari
Cheibriados
Dithmenos
Elyvilon
Fedhas
Gozag
Hepliaklqana
Kikubaaqudgha
Makhleb
Nemelex Xobeh
Okawaru
Qazlal
Ru
Sif Muna
Trog
Uskayaw
Vehumet
Wu Jian
Xom
Yredelemnul
Zin
The Shining One
Jiyva

Shops:
D:8 :   D:13 (   Orc:2 (([(

Annotations:
D:15 Azrael


Innate Abilities, Weirdness & Mutations

You have hooves in place of feet.
Armour fits poorly on your strangely shaped body.
You cover ground very quickly.
You have extremely tough skin. (AC +3)
Potions are less effective at restoring your health.
You cannot be stealthy.
You cannot study or use magical devices.
You are hated by all.
You cannot study or cast Earth magic.
You cannot study or cast Hexes magic.
You cannot study or cast Translocations magic.
You have a pair of small horns on your head.
You are surrounded by a mild repulsion field. (EV +2)
You are partially covered in iridescent scales. (AC +2)
You have a somewhat thin skeletal structure. (Dex +2, Stealth)
Your flesh is cold resistant. (rC+)
Your flesh is heat resistant. (rF+)
You have an increased reservoir of magic. (+10% MP)
Your system is resistant to poisons. (rPois)
Your muscles are very strong. (Str +4)
Your spells are a little harder to cast, but a little more powerful.


Message History

The two-headed ogre suddenly stops moving!
The ogre mage hits you from afar with a spear.
* * * LOW HITPOINT WARNING * * *
The ogre mage points at the two-headed ogre and mumbles some strange words.
The ogre mage points at you and mumbles some strange words.
The bolt of lightning hits you!
* * * LOW HITPOINT WARNING * * *
The ogre mage casts a spell at you.
You suddenly lose the ability to move!
The ogre mage hits you but does no damage.
The ogre mage hits you but does no damage. x2
The ogre mage hits you from afar with a spear.
* * * LOW HITPOINT WARNING * * *
You redirect the stone giant's attack!
The stone giant hits itself but does no damage.
The ogre mage hits you but does no damage.
The stone giant hits you but does no damage.
The ogre mage points at you and mumbles some strange words.
The bolt of lightning hits you!
You die...

####)##### #.... ##.)[.# #....
##....## #.... ##...[## ### #....
#.....[###.# #.... #....))[#..#
#.... #..#.[<....# #....
#.###......# #)... ### ##..@.##
#.... ##..C.## #.... #...O##
#....
+#############O##############....
..............O.O................
............)...O................
.................................
.................................
.................................


You could see a stone giant, 2 two-headed ogres and an ogre mage.

Vanquished Creatures
  Nikola (Shoals:3)
  Frances (D:11)
  Gastronok (Lair:2)
  A frost giant (Vaults:1)
  An orc warlord (Vaults:1)
  6 emperor scorpions
  The ghost of zero the Severer, an adept GrBe of Trog (Spider:3)
  Ilsuiw (Shoals:4)
  2 vault wardens (Vaults:1)
  4 ghost moths
  2 stone giants
  An entropy weaver (Spider:2)
  A merfolk javelineer (Shoals:4)
  Snorg (Lair:5)
  6 yaktaur captains
  13 merfolk impalers
  2 great orbs of eyes (Vaults:1)
  A fire dragon (D:15)
  Fannar (Lair:1)
  Josephine (Orc:1)
  5 ogre magi
  2 rakshasas
  2 merfolk avatars (Shoals:4)
  6 hydras
  An ice dragon (Lair:3)
  A satyr (shapeshifter) (D:15)
  A catoblepas (D:13)
  25 two-headed ogres
  8 merfolk aquamancers
  9 dancing weapons
  A satyr (Shoals:3)
  3 tengu warriors
  6 centaur warriors
  Urug (Lair:4)
  A deep elf knight (Vaults:1)
  Sonja (Orc:1)
  6 sea snakes
  A shadow wraith (Vaults:1)
  3 unseen horrors
  2 glowing orange brains
  9 orc knights
  2 wizards (Vaults:1)
  30 harpies
  A frost giant zombie (Vaults:2)
  2 necromancers
  A wolf spider zombie (D:15)
  13 orb spiders
  8 ironbrand convokers
  2 deep elf magi
  An oklob plant (Lair:3)
  28 ugly things
  25 wolf spiders
  4 fauns
  5 cyclopes
  10 manticores
  A human zombie (Vaults:1)
  A moth of wrath (Spider:4)
  2 black mambas
  A centaur zombie (D:10)
  A fire giant skeleton (Vaults:2)
  6 water nymphs
  11 merfolk sirens
  10 elephants
  4 vault sentinels (Vaults:1)
  Psyche (D:8)
  5 gargoyles
  2 ice statues
  5 spiny frogs
  A kobold demonologist (D:11)
  10 freezing wraiths (IceCv)
  4 rime drakes
  8 komodo dragons
  A redback zombie (D:14)
  8 yaktaurs
  7 demonic crawlers
  37 merfolk
  14 jumping spiders
  5 trolls
  A meliai (D:11)
  8 hornets
  4 polar bears (Lair:6)
  6 wind drakes
  5 blink frogs (Lair:1)
  A harpy skeleton (D:15)
  Prince Ribbit (D:8)
  12 slime creatures
  A blink frog (shapeshifter) (Vaults:1)
  A frost giant simulacrum (Vaults:1)
  9 snapping turtles
  8 dream sheep
  A meliai zombie (D:12)
  A hippogriff (shapeshifter) (Vaults:1)
  11 hippogriffs
  2 centaur simulacra (D:11)
  13 spriggans (Lair:6)
  3 wyverns
  63 redbacks
  2 vampires
  A shadow (D:15)
  An ettin skeleton (Vaults:2)
  4 fire elementals
  12 water elementals
  5 wraiths
  36 tarantellas
  5 hungry ghosts
  32 yaks
  5 basilisks
  7 vampire mosquitoes
  4 wargs
  Edmund (D:5)
  A hell hound (D:15)
  11 water moccasins
  11 porcupines
  A swamp drake (D:9)
  3 eyes of draining
  37 orc warriors
  2 sky beasts
  19 ice beasts
  6 phantoms
  4 black bears
  31 ogres
  10 boggarts
  A hornet zombie (D:13)
  27 wolves
  13 centaurs
  12 crocodiles
  2 big kobolds
  20 bullfrogs
  A wyvern zombie (D:5)
  A wyvern skeleton (D:14)
  3 scorpions
  A human simulacrum (Vaults:1)
  12 killer bees
  10 wights
  6 electric eels
  4 howler monkeys
  6 crimson imps
  2 draconian simulacra (IceCv)
  6 hounds
  4 centaur skeletons
  22 orc priests
  3 jellies
  3 bullfrog skeletons
  24 orc wizards
  4 iguanas
  A polar bear simulacrum (IceCv)
  3 spriggan simulacra (IceCv)
  13 worker ants
  6 troll simulacra (IceCv)
  3 wolf simulacra (IceCv)
  A hound zombie (D:6)
  2 worker ant zombies
  10 gnolls
  2 howler monkey skeletons
  13 adders
  2 ogre simulacra
  8 naga simulacra (IceCv)
  2 shadow imps
  17 white imps
  2 worker ant simulacra (D:11)
  2 ufetubi (D:11)
  2 adder zombies
  5 oozes (D:1)
  5 worms
  5 leopard geckos
  92 orcs
  A ball python (D:2)
  5 bats
  5 giant cockroaches
  8 goblins
  7 hobgoblins
  8 jackals
  27 kobolds
  4 quokkas
  4 frilled lizards
  A quokka zombie (D:5)
  9 rats
  5 fungi
  5 plants
1293 creatures vanquished.

Vanquished Creatures (others)
  A hydra (Lair:4)
  A two-headed ogre (Vaults:1)
  An unseen horror (Vaults:1)
  4 harpies (Shoals:3)
  An ironbrand convoker (Vaults:2)
  A necromancer (Vaults:1)
  A merfolk (Shoals:3)
  A jumping spider (Spider:1)
  A tarantella (Spider:2)
  A redback (Spider:2)
  A jelly (shapeshifter) (Vaults:2)
  An orc (Vaults:2)
  A kobold (Bailey)
  18 fungi
  23 plants
  13 tentacles (Shoals:3)
70 creatures vanquished.

Grand Total: 1363 creatures vanquished

Notes
Turn   | Place    | Note
-------+----------+-------------------------------------------
     0 | D:1      | tilp the Centaur Fighter began the quest for the Orb.
     0 | D:1      | Reached XP level 1. HP: 19/19 MP: 1/1
     3 | D:1      | Found a runed door.
   373 | D:1      | Reached XP level 2. HP: 21/26 MP: 2/2
   617 | D:1      | Reached XP level 3. HP: 25/31 MP: 3/3
   969 | D:2      | Reached skill level 4 in Fighting
  1146 | D:2      | Reached XP level 4. HP: 40/40 MP: 4/4
  1193 | D:2      | HP: 2/40 [poisoned by an adder]
  1341 | D:2      | Found an ornate altar of the Wu Jian Council.
  1759 | D:3      | Reached XP level 5. HP: 25/47 MP: 5/5
  1970 | D:3      | Found a shadowy altar of Dithmenos.
  2089 | D:3      | HP: 1/47 [orc priest/divine providence (13)]
  2415 | D:3      | Found a snail-covered altar of Cheibriados.
  2775 | D:4      | Reached skill level 5 in Fighting
  2835 | D:4      | Reached XP level 6. HP: 46/56 MP: 6/6
  3358 | D:4      | Upgraded the game from 0.21-a0-400-g417d9d2 to 0.21-a0-401-g0b6bec4
  3713 | D:4      | Got an encrusted leather armour
  3833 | D:4      | Found an iron altar of Okawaru.
  3866 | D:4      | Reached skill level 5 in Maces & Flails
  3879 | D:4      | Reached skill level 6 in Fighting
  3879 | D:4      | Reached XP level 7. HP: 40/63 MP: 7/7
  4199 | D:4      | Found a staircase to the Ecumenical Temple.
  4233 | Temple   | Entered the Ecumenical Temple
  4281 | Temple   | Became a worshipper of Ru the Awakened
  4526 | D:4      | Identified the cursed +0 leather armour "Ruhapuqu" {rElec Str+4 Stlth-} (You found it on level 4 of the Dungeon)
  4569 | D:5      | Entered Level 5 of the Dungeon
  4697 | D:5      | Got a bronze leather armour
  4713 | D:5      | Found Zin's Purification Station.
  4715 | D:5      | Found a glowing silver altar of Zin.
  4731 | D:5      | Bought a potion of curing for 90 gold pieces
  5026 | D:5      | Reached skill level 7 in Fighting
  5126 | D:5      | Found an ancient bone altar of Kikubaaqudgha.
  5273 | D:5      | Noticed Edmund
  5288 | D:5      | Killed Edmund
  5288 | D:5      | Reached XP level 8. HP: 71/73 MP: 8/8
  5532 | D:6      | Identified the cursed +1 leather armour of the Gardener {*Drain rF+ Slay+5} (You found it on level 5 of the Dungeon)
  5659 | D:6      | Gained mutation: You cannot study or use magical devices. [Ru sacrifice]
  5659 | D:6      | Reached * piety under Ru
  5659 | D:6      | Reached ** piety under Ru
  6236 | D:6      | Reached skill level 8 in Fighting
  6579 | D:7      | Gained mutation: Your spells are a little easier to cast, but a little less powerful. [mutagenic meat]
  6580 | D:7      | Gained mutation: You have a somewhat thin skeletal structure. (Dex +2, Stealth) [mutagenic meat]
  6581 | D:7      | Lost mutation: Your spells are a little easier to cast, but a little less powerful. [mutagenic meat]
  6582 | D:7      | Gained mutation: Your system is resistant to poisons. (rPois) [mutagenic meat]
  6583 | D:7      | Gained mutation: You are partially covered in iridescent scales. (AC +2) [mutagenic meat]
  6651 | D:7      | Found a sparkling altar of Nemelex Xobeh.
  6704 | D:7      | Reached XP level 9. HP: 69/82 MP: 9/9
  6813 | D:7      | Found an opulent altar of Gozag.
  6951 | D:7      | Reached skill level 9 in Fighting
  7354 | D:8      | Noticed a hand axe
  7354 | D:8      | Noticed a hand axe
  7357 | D:8      | Found a hide-covered altar of Uskayaw.
  7404 | D:8      | Found Fuaqonos's Book Emporium.
  7416 | D:8      | Noticed Prince Ribbit
  7448 | D:8      | Killed Prince Ribbit
  7462 | D:8      | Found a flagged portal.
  7474 | Bailey   | Entered a bailey
  7480 | Bailey   | Noticed an orc knight
  7651 | Bailey   | Noticed an orc knight
  7991 | Bailey   | Killed an orc knight
  7991 | Bailey   | Reached skill level 10 in Fighting
  7997 | Bailey   | Killed an orc knight
  8223 | Bailey   | Gained mutation: You cannot be stealthy. [Ru sacrifice]
  8223 | Bailey   | Reached *** piety under Ru
  8250 | Bailey   | Reached XP level 10. HP: 92/94 MP: 10/10
  8412 | D:8      | Found the +7 captain's cutlass {speed, disarm}
  8455 | D:8      | Noticed Psyche
  8479 | D:8      | Killed Psyche
  8523 | D:8      | Noticed a two-headed ogre
  8544 | D:8      | Killed a two-headed ogre
  8544 | D:8      | Reached skill level 11 in Fighting
  8544 | D:8      | Reached skill level 10 in Maces & Flails
  8828 | D:8      | Noticed a two-headed ogre
  8847 | D:8      | Killed a two-headed ogre
  9011 | D:8      | Found a shimmering altar of Xom.
  9187 | D:8      | Found a white marble altar of Elyvilon.
  9427 | D:9      | Found a bloodstained altar of Trog.
  9467 | D:9      | Found a staircase to the Lair.
  9778 | D:9      | Found a burning altar of Makhleb.
  9990 | D:9      | Reached skill level 12 in Fighting
 10302 | D:9      | Found a staircase to the Orcish Mines.
 10622 | D:9      | Found a glowing golden altar of the Shining One.
 10629 | D:9      | Reached XP level 11. HP: 97/104 MP: 11/11
 10914 | D:10     | Entered Level 10 of the Dungeon
 11544 | D:10     | Gained mutation: You cannot study or cast Earth magic. [Ru sacrifice]
 11544 | D:10     | Gained mutation: You cannot study or cast Hexes magic. [Ru sacrifice]
 11544 | D:10     | Gained mutation: You cannot study or cast Translocations magic. [Ru sacrifice]
 11544 | D:10     | Reached **** piety under Ru
 11791 | Orc:1    | Entered Level 1 of the Orcish Mines
 11791 | Orc:1    | Noticed a two-headed ogre
 11877 | D:9      | Killed a two-headed ogre
 13666 | Orc:2    | Entered Level 2 of the Orcish Mines
 13805 | Orc:2    | Found a staircase to the Elven Halls.
 13829 | Orc:2    | Noticed Sonja
 13839 | Orc:2    | Paralysed by Sonja for 7 turns
 13962 | Lair:1   | Entered Level 1 of the Lair of Beasts
 14747 | Lair:1   | Noticed Fannar
 16125 | Lair:2   | Gained mutation: Potions are less effective at restoring your health. [Ru sacrifice]
 16125 | Lair:2   | Reached ***** piety under Ru
 16479 | Lair:2   | Noticed Gastronok
 16480 | Lair:2   | Found a hole to the Spider Nest.
 16661 | Lair:2   | Reached XP level 12. HP: 87/113 MP: 12/12
 16892 | D:11     | Found a frozen archway.
 17140 | IceCv    | Entered an ice cave
 17755 | IceCv    | Reached skill level 13 in Fighting
 17970 | IceCv    | Found an ancient bone altar of Kikubaaqudgha.
 19010 | D:11     | Reached skill level 14 in Fighting
 19640 | D:11     | Noticed a two-headed ogre
 19648 | D:11     | Killed a two-headed ogre
 19716 | D:11     | Gained mutation: You are hated by all. [Ru sacrifice]
 19727 | D:11     | Noticed a seven-headed hydra
 19735 | D:11     | Killed a seven-headed hydra
 20145 | D:11     | Noticed a two-headed ogre
 20152 | D:11     | Killed a two-headed ogre
 20152 | D:11     | Reached skill level 15 in Fighting
 20451 | D:11     | Gained mutation: Your muscles are strong. (Str +2) [mutagenic meat]
 20764 | Lair:3   | Noticed an eight-headed hydra
 20771 | Lair:2   | Reached XP level 13. HP: 106/127 MP: 13/13
 21928 | Lair:3   | Reached skill level 16 in Fighting
 22420 | Lair:3   | Reached skill level 1 in Dodging
 23187 | Lair:4   | Found a staircase to the Shoals.
 23316 | Lair:4   | Noticed Urug
 23335 | Lair:4   | Killed Urug
 24587 | Lair:5   | Found a viscous altar of Jiyva.
 24587 | Lair:5   | Found a staircase to the Slime Pits.
 24699 | Lair:5   | Noticed Snorg
 24716 | Lair:5   | Killed Snorg
 25642 | Orc:2    | Paralysed by Sonja for 6 turns
 25768 | Orc:2    | Reached skill level 5 in Armour
 26172 | Orc:1    | Killed Sonja
 26973 | Orc:2    | Reached skill level 5 in Dodging
 27088 | Orc:2    | Reached XP level 14. HP: 128/137 MP: 14/14
 27659 | Orc:2    | Noticed Josephine
 27705 | Orc:1    | Killed Josephine
 28021 | Orc:2    | Noticed a stone giant
 28044 | Orc:2    | Killed a stone giant
 28601 | Orc:2    | Found Byumauga's Weapon Emporium.
 28601 | Orc:2    | Found Jauwk's Weapon Shop.
 28601 | Orc:2    | Found Nuweas's Weapon Boutique.
 28601 | Orc:2    | Found Zulismem's Antique Armour Emporium.
 28836 | Orc:2    | Bought a warped helmet for 351 gold pieces
 28846 | Orc:2    | Identified the cursed +0 helmet of Entitlement {rPois rN+ rCorr} (You bought it in a shop on level 2 of the Orcish Mines)
 29337 | Lair:6   | Entered Level 6 of the Lair of Beasts
 29363 | Lair:6   | Got a serpentine sapphire amulet
 29412 | Lair:6   | Reached skill level 17 in Fighting
 30692 | Lair:6   | Reached skill level 18 in Fighting
 30954 | Lair:6   | Found the +12 glaive of Prune {chop}
 31862 | D:12     | Noticed Frances
 31882 | D:11     | Killed Frances
 31882 | D:11     | Reached XP level 15. HP: 77/149 MP: 15/15
 33493 | D:13     | Identified the amulet "Cyokheid" {Gourm Int+7 Dex-5 SInv Stlth+} (You found it on level 6 of the Lair of Beasts)
 33603 | D:13     | Found a gate to the Vaults.
 34009 | D:13     | Found Fane's Antique Weapon Emporium.
 34053 | D:13     | Bought a glowing great mace for 218 gold pieces
 34053 | D:13     | Bought a jewelled mace for 184 gold pieces
 34053 | D:13     | Identified the +6 mace of Darkness {crush, MR+ MP+9 Str+4} (You bought it in a shop on level 13 of the Dungeon)
 35129 | D:13     | Reached skill level 1 in Throwing
 35136 | D:13     | Gained mutation: You are surrounded by a mild repulsion field. (EV +2) [mutagenic meat]
 35236 | D:13     | Gained mutation: You evolve. [mutagenic meat]
 35239 | D:13     | Gained mutation: Your spells are a little harder to cast, but a little more powerful. [mutagenic meat]
 35241 | D:13     | Gained mutation: You have an increased reservoir of magic. (+10% MP) [mutagenic meat]
 35242 | D:13     | Gained mutation: Your flesh is cold resistant. (rC+) [mutagenic meat]
 35243 | D:13     | Gained mutation: Your flesh is heat resistant. (rF+) [mutagenic meat]
 35245 | D:13     | Gained mutation: Your muscles are very strong. (Str +4) [mutagenic meat]
 36353 | D:14     | Found a blossoming altar of Fedhas.
 36544 | D:15     | Entered Level 15 of the Dungeon
 36770 | D:15     | Noticed Azrael
 37499 | D:15     | Reached skill level 19 in Fighting
 37961 | D:15     | Reached skill level 5 in Throwing
 38091 | D:15     | Found a staircase to the Depths.
 38111 | D:15     | Noticed a ghost moth
 38114 | D:15     | a ghost moth changed into a tyrant leech
 39203 | Lair:1   | Killed Fannar
 39258 | Lair:2   | Killed Gastronok
 39258 | Lair:2   | Reached skill level 15 in Maces & Flails
 39284 | Spider:1 | Entered Level 1 of the Spider Nest
 39766 | Spider:1 | Reached XP level 16. HP: 158/160 MP: 17/17
 39864 | Spider:1 | Found a runed door.
 40208 | Spider:1 | Gained mutation: You have a pair of small horns on your head. [evolution]
 40208 | Spider:1 | Lost mutation: You evolve. [end of evolution]
 40909 | Spider:1 | Got a scorched chain mail
 40927 | Spider:1 | Identified the +4 chain mail of Juzoce {-Cast rC+ rN+ MP+9} (You found it on level 1 of the Spider Nest)
 40929 | Spider:1 | Got a warped chain mail
 40940 | Spider:1 | Identified the +3 chain mail "Duel" {+Blink MR- Str+3 Stlth+} (You found it on level 1 of the Spider Nest)
 43468 | Spider:3 | Noticed zero's ghost (adept GrBe)
 43723 | Spider:3 | Reached skill level 20 in Fighting
 43880 | Spider:3 | Killed zero's ghost
 44997 | Shoals:1 | Entered Level 1 of the Shoals
 45250 | Shoals:1 | Got a crude bone amulet
 46418 | Shoals:2 | Got a brightly glowing dagger
 47236 | Shoals:2 | Reached XP level 17. HP: 153/172 MP: 18/18
 48365 | Shoals:3 | Noticed Nikola
 48601 | Shoals:3 | Killed Nikola
 49782 | Shoals:3 | Noticed a kraken
 51032 | Spider:4 | Entered Level 4 of the Spider Nest
 52327 | Spider:4 | Reached skill level 21 in Fighting
 53273 | Spider:4 | Got a gossamer rune of Zot
 53361 | Spider:4 | Reached skill level 5 in Shields
 53594 | Lair:1   | Identified the +6 dagger "Cufomu" {pierce, *Slow Int-2 Dex+9 SInv} (You found it on level 2 of the Shoals)
 53610 | Lair:1   | Identified the amulet of Ypeaq {Harm *Drain +Inv Dex+5} (You found it on level 1 of the Shoals)
 53707 | Shoals:4 | Entered Level 4 of the Shoals
 54114 | Shoals:4 | Noticed Ilsuiw
 55355 | Shoals:4 | Killed Ilsuiw
 55604 | Shoals:4 | Reached XP level 18. HP: 106/182 MP: 19/19
 56680 | Shoals:4 | Got a barnacled rune of Zot
 57362 | Vaults:1 | Entered Level 1 of the Vaults
 57878 | Vaults:1 | Reached skill level 22 in Fighting
 61242 | Vaults:2 | Paralysed by an ogre mage for 5 turns
 61246 | Vaults:2 | Killed from afar by an ogre mage

Vault maps used:
D:1:      dpeg_arrival_caged_fury
D:2:      lemuel_coloured_pillars_altar, first_bread
D:3:      nicolae_dithmenos_shadow_blocks, cheibriados_altar_1,
          minmay_fountain_box
D:4:      okawaru_altar_gauntlet_db, temple_green, kennysheep_generic_room_5
D:5:      zin_purify, lemuel_crystal_altar, uniq_edmund
D:7:      overflow_temple_1_default, lemuel_round_altar, grunt_ogre_cave,
          grunt_ministairs_10
D:8:      old_standard_altar, dancing_weapons_uskayaw, lemuel_doored_altar,
          serial_shops, nicolae_shop_temple_entry_statues_fountains,
          enter_bailey_2, minmay_misc_feat_chi, uniq_prince_ribbit1, uniq_psyche
D:9:      lemuel_crystal_altar, tso_altar, lair_entry_dummy, erik_orc_1,
          bloody_trog
D:10:     corexii_leaking_fountain, st_stairs_7
D:11:     kennysheep_six_static_rooms, serial_ice, serial_ice_o, serial_ice_g,
          serial_ice_l, serial_ice_h, portal_ice_cave_rime,
          lightli_fourway_metalbox
D:12:     uniq_frances
D:13:     erik_vaults_1, serial_shops, shop_statue
D:14:     fedhas_altar_3
D:15:     gammafunk_enter_depths_forms, nrook_uturn, serial_bayou_lagoon_a,
          uniq_azrael
Temple:   jpeg_temple_island
Lair:1:   beast_lair_carwin_2, infiniplex_staircase_pool_2, uniq_fannar
Lair:2:   dummy_spider_entry, uniq_gastronok
Lair:3:   st_stairs_13, minivault_25, ice2_lemuel, lemuel_fruit_fields,
          infiniplex_staircase_pool
Lair:4:   minmay_shoals_entry_centaurs, uniq_urug
Lair:5:   dpeg_slime_entry_enclosed_altar, uniq_snorg
Lair:6:   minmay_lair_end_enchanted_forest, lemuel_fruit_fields,
          serial_bayou_shore_b
Shoals:3: nicolae_shoals_water_shrine, uniq_nikola
Shoals:4: shoals_end_hangedman, shoals_ilsuiw_ice
Spider:1: cheibrodos_spider_deadly_dance
Spider:2: nicolae_spider_cling_ruins
Spider:3: spider_trap, spiders_nest_spider_trap
Spider:4: grunt_spider_rune_circles
Orc:2:    st_orc_ogre_mass, uniq_josephine, uniq_sonja
Vaults:1: hangedman_vaults_stitches, nicolae_vaults_big_angled_halls, st_cross,
          vaults_mumra_lcd, vaults_mumra_chevron, v_pattern_4, v_rooms_4,
          v_misc_31, v_misc_13, vaults_dpeg_hooks, vaults_mumra_hex,
          vaults_room_grunt_arrival_ludios, nicolae_vaults_big_angled_halls,
          nicolae_vaults_little_squares_4, nicolae_vaults_little_squares_3,
          vaults_room_pool, grunt_vaults_hallway_short, nicolae_vaults_theta
Vaults:2: nicolae_vaults_ring_of_whatevers, nicolae_vaults_angled_halls,
          grunt_vaults_focal, vaults_mumra_hexcomb, v_misc_11,
          vaults_mumra_minichess_inversion, hangedman_vaults_capsules,
          ontoclasm_vaults_eye, special_room_vaults, serial_shops,
          shop_fountains, uniq_asterion
Bailey:   bailey_axe_4, bailey
IceCv:    ice_cave_small_necro

Skill      XL: |  1  2  3  4  5  6  7  8  9 10 11 12 13 14 15 16 17 18 |
---------------+-------------------------------------------------------+-----
Maces & Flails | 2 3 4 5 6 7 9 11 13 14 15 16 | 16.4
Fighting       | 4 5 6 7 8 10 12 15 16 18 19 20 21 22 | 22.7
Dodging        | 5 6 8 |  8.0
Armour         | 5 6 8 |  8.0
Throwing       | 6 |  6.0
Shields        | 3 5 6 |  6.0

Action                   |  1- 3 |  4- 6 |  7- 9 | 10-12 | 13-15 | 16-18 || total
-------------------------+-------+-------+-------+-------+-------+-------++-------
Melee: Flail             |   111 |   196 |   254 |   295 |       |       ||   856
       Kick              |    26 |    38 |    72 |   224 |   605 |   784 ||  1749
       Dire flail        |       |       |       |   430 |   881 |       ||  1311
       Great mace        |       |       |       |    31 |       |       ||    31
       Morningstar       |       |       |       |       |   526 |  1614 ||  2140
       Mace              |       |       |       |       |     8 |       ||     8
       Headbutt          |       |       |       |       |       |   505 ||   505
Throw: Javelin           |       |    12 |    28 |    28 |    41 |       ||   109
       Tomahawk          |       |       |    23 |     1 |     4 |       ||    28
Invok: Sacrifice Artific |       |       |     1 |       |       |       ||     1
       Sacrifice Stealth |       |       |     1 |       |       |       ||     1
       Power Leap        |       |       |       |     3 |     8 |     2 ||    13
       Draw Out Power    |       |       |       |     1 |       |     1 ||     2
       Sacrifice Purity  |       |       |       |     1 |       |       ||     1
       Sacrifice Arcana  |       |       |       |     1 |       |       ||     1
       Apocalypse        |       |       |       |     4 |     1 |     1 ||     6
       Sacrifice Love    |       |       |       |     1 |       |       ||     1
       Reject Sacrifices |       |       |       |       |     2 |     1 ||     3
  Use: Scroll            |     2 |       |    10 |    21 |    14 |    15 ||    62
       Potion            |       |     4 |     7 |     3 |     1 |    15 ||    30
 Stab: Invisible         |       |       |       |     6 |    13 |    24 ||    43
       Distracted        |       |       |       |     2 |     7 |    10 ||    19
       Paralysed         |       |       |       |     4 |     2 |     8 ||    14
  Eat: Chunk             |       |     8 |    15 |    32 |    51 |    27 ||   133
       Fruit             |       |       |     2 |     8 |     9 |     2 ||    21
       Royal jelly       |       |       |       |       |     1 |     3 ||     4
       Meat ration       |       |       |       |       |     1 |     3 ||     4
       Bread ration      |       |       |       |       |       |     3 ||     3
Armor: Scale mail        |    62 |    83 |    37 |       |       |       ||   182
       Leather armour    |       |       |    45 |    60 |       |    63 ||   168
       Plate armour      |       |       |       |   185 |     7 |       ||   192
       Ice dragon scales |       |       |       |       |   419 |    56 ||   475
       Chain mail        |       |       |       |       |       |   502 ||   502
Dodge: Dodged            |    18 |    51 |    42 |    95 |   352 |   567 ||  1125
Block: Shield            |    58 |    72 |   118 |   102 |   154 |   713 ||  1217

Table legend:
 A = Spawn XP
 B = Non-spawn XP
 C = Spawn XP percentage of total XP
 D = Spawn monster count
 E = Non-spawn monster count
 F = Spawn count percentage of total count
 G = Total turns spent on level
                    A         B        C        D         E        F      G
               +---------+---------+-------+---------+---------+-------+---------
         Total |       0 |  365033 |   0.0 |       0 |    1292 |   0.0 | 61246
               +---------+---------+-------+---------+---------+-------+---------
           D:1 |       0 |      67 |   0.0 |       0 |      22 |   0.0 |   678
           D:2 |       0 |      59 |   0.0 |       0 |      23 |   0.0 |   984
           D:3 |       0 |     184 |   0.0 |       0 |      21 |   0.0 |  1087
           D:4 |       0 |     469 |   0.0 |       0 |      25 |   0.0 |  1586
           D:5 |       0 |     717 |   0.0 |       0 |      20 |   0.0 |   787
           D:6 |       0 |     559 |   0.0 |       0 |      13 |   0.0 |   944
           D:7 |       0 |    1033 |   0.0 |       0 |      23 |   0.0 |  1042
           D:8 |       0 |    3190 |   0.0 |       0 |      21 |   0.0 |   957
           D:9 |       0 |    4626 |   0.0 |       0 |      62 |   0.0 |  3318
          D:10 |       0 |    2086 |   0.0 |       0 |      20 |   0.0 |   933
          D:11 |       0 |   11913 |   0.0 |       0 |      48 |   0.0 |  2438
          D:12 |       0 |    2738 |   0.0 |       0 |      28 |   0.0 |   911
          D:13 |       0 |   17029 |   0.0 |       0 |      44 |   0.0 |  3306
          D:14 |       0 |    7991 |   0.0 |       0 |      27 |   0.0 |   965
          D:15 |       0 |   17886 |   0.0 |       0 |      45 |   0.0 |  2000
        Lair:1 |       0 |    3748 |   0.0 |       0 |      14 |   0.0 |  2064
        Lair:2 |       0 |    4735 |   0.0 |       0 |      17 |   0.0 |  1268
        Lair:3 |       0 |   10770 |   0.0 |       0 |      43 |   0.0 |  2452
        Lair:4 |       0 |    3583 |   0.0 |       0 |      14 |   0.0 |  1348
        Lair:5 |       0 |    6294 |   0.0 |       0 |      20 |   0.0 |  1196
        Lair:6 |       0 |   16973 |   0.0 |       0 |      80 |   0.0 |  2162
      Shoals:1 |       0 |   10832 |   0.0 |       0 |      27 |   0.0 |  1179
      Shoals:2 |       0 |   15148 |   0.0 |       0 |      31 |   0.0 |  2649
      Shoals:3 |       0 |   22425 |   0.0 |       0 |      41 |   0.0 |  3695
      Shoals:4 |       0 |   36331 |   0.0 |       0 |      67 |   0.0 |  1890
      Spider:1 |       0 |   15737 |   0.0 |       0 |      38 |   0.0 |  1806
      Spider:2 |       0 |   15497 |   0.0 |       0 |      48 |   0.0 |  2364
      Spider:3 |       0 |   14075 |   0.0 |       0 |      35 |   0.0 |  1758
      Spider:4 |       0 |   28961 |   0.0 |       0 |      61 |   0.0 |  2263
         Orc:1 |       0 |    8321 |   0.0 |       0 |      31 |   0.0 |  2678
         Orc:2 |       0 |   18868 |   0.0 |       0 |      80 |   0.0 |  2285
      Vaults:1 |       0 |   40153 |   0.0 |       0 |      79 |   0.0 |  2785
      Vaults:2 |       0 |   14271 |   0.0 |       0 |      45 |   0.0 |   609
        Bailey |       0 |    1817 |   0.0 |       0 |      25 |   0.0 |   930
         IceCv |       0 |    5947 |   0.0 |       0 |      54 |   0.0 |  1695
               +---------+---------+-------+---------+---------+-------+---------
